Description

Safe econ opener vs protoss. Transitions into mech

VOD

https://www.youtube.com/watch?v=_02inNEJUHA

Build Order

Get SALT Encoding   

  14  0:19  Supply Depot  
  15  0:30  Refinery  
  16  0:45  Barracks  
  20  1:32  Orbital Command  
  20  1:34  Reaper  
  20  1:44  Command Center  
  21  1:57  Factory  
  21  2:08  Refinery  
  21  2:09  Barracks Reactor  Swap with Fac
  22  2:22  Supply Depot  
  29  2:50  Widow Mine, Cyclone  
  31  3:20  Supply Depot, Cyclone  
  38  3:25  Cyclone  
  41  3:51  Command Center  
  46  4:00  Cyclone  
  49  4:04  Cyclone  
  51  4:15  Supply Depot  
  53  4:26  Factory  
  53  4:28  Barracks Tech Lab  Swap with Fac
  59  4:44  Factory  
Spawning Tool Build Advisor. Get it on Overwolf

Go to:

Details

  • Created by: NearNirvanna
  • Published on: Mar 09, 2017
  • Modified on: Mar 09, 2017
  • Patch: 3.8.0
Show
View Real Time Build Order
Export as new Build Order

Comments (0)

There are no comments. Be the first!

Create an account to comment!